 Dungeon Crawl Stone Soup version 0.26.0-45-g9c1d065592 (webtiles) character file.

Game seed: 13131342664288777123

8089 runemasterragnar the Grappler (level 11, 0/104 HPs)
             Began as a Troll Hedge Wizard on Jan 30, 2021.
             Was an Elder of Vehumet.
             Succumbed to kobold's curare-tipped dart
             ... while paralysed
             ... on level 10 of the Dungeon.
             The game lasted 00:19:34 (7945 turns).

runemasterragnar the Grappler (Troll Hedge Wizard)  Turns: 7945, Time: 00:19:34

Health: 0/104      AC: 12    Str: 26    XL:     11   Next: 5%
Magic:  17/17      EV:  1    Int: 13    God:    Vehumet [****..]
Gold:   622        SH:  0    Dex:  9    Spells: 5/19 levels left

rFire    . . .     SeeInvis .     - Unarmed
rCold    . . .     Faith    .   (no shield)
rNeg     . . .     Spirit   .   C - +2 robe {Will+}
rPois    .         Reflect  .   c - +0 hat
rElec    .         Harm     .   z - +1 cloak
rCorr    .         Rampage  .   (gloves unavailable)
Will     ++...                  (boots unavailable)
Stlth    +.........             (no amulet)
HPRegen  0.67/turn              d - +6 ring of strength
MPRegen  0.15/turn              e - ring of willpower

@: paralysed, lethally poisoned (0 -> -16), berserk cooldown, slowed
A: large, unfitting armour, claws 3, yellow scales 1, regeneration 1, shaggy fur
1, tough skin 3
a: Renounce Religion


You were on level 10 of the Dungeon.
You worshipped Vehumet.
Vehumet was greatly pleased with you.
You visited 2 branches of the dungeon, and saw 11 of its levels.
You visited the Abyss 1 time.
You also visited: Ossuary.

You collected 622 gold pieces.

Inventory:

Hand Weapons
 a - a +2 hunting sling of flaming
Missiles
 j - 2 large rocks (quivered)
 m - a throwing net
 A - 69 poisoned darts
Armour
 c - a +0 hat (worn)
 z - a +1 cloak (worn)
 C - a +2 robe of willpower (worn)
Jewellery
 d - a +6 ring of strength (left claw)
 e - a ring of willpower (right claw)
 J - a +4 ring of protection {unknown}
 L - an uncursed ring of stealth {unknown}
Wands
 b - a wand of enslavement (4)
 h - a wand of iceblast (5)
 l - a wand of paralysis (4)
 n - a wand of flame (24)
 r - a wand of polymorph (17)
Scrolls
 i - 3 scrolls of remove curse
 t - 3 scrolls of fog
 w - 6 scrolls of teleportation
 y - a scroll of enchant armour
 D - a scroll of blinking
 E - 2 scrolls of amnesia
 F - a scroll of enchant weapon {unknown}
 I - a scroll of immolation {unknown}
 K - 2 scrolls of noise {unknown}
 M - a scroll of vulnerability {unknown}
Potions
 f - 2 potions of curing
 k - a potion of berserk rage
 o - a potion of ambrosia {unknown}
 p - 5 potions of flight
 q - 3 potions of heal wounds
 s - a potion of experience {unknown}
 u - 2 potions of degeneration
 v - 3 potions of attraction
 x - 5 potions of magic
 B - 3 potions of haste
 G - 3 potions of invisibility


   Skills:
 + Level 5.4 Fighting
 + Level 3.0 Dodging
 - Level 1.0 Stealth
 + Level 9.0 Unarmed Combat
 + Level 4.7 Spellcasting
 * Level 3.3 Conjurations
 - Level 5.1 Summonings
 - Level 4.0 Translocations
 * Level 3.1 Ice Magic


You had 5 spell levels left.
You knew the following spells:

 Your Spells              Type           Power        Failure   Level
a - Magic Dart            Conj           44%          1%          1
b - Call Imp              Summ           16%          3%          2
c - Mephitic Cloud        Conj/Pois/Air  5%           11%         3
d - Blink                 Tloc           N/A          5%          2
e - Slow                  Hex            3%           28%         2
f - Hailstorm             Conj/Ice       11%          13%         4

Your spell library contained the following spells:

 Spells                   Type           Power        Failure   Level
 Sticky Flame             Conj/Fire      7%           24%         4
 Conjure Flame            Conj/Fire      7%           8%          3


Dungeon Overview and Level Annotations

Branches:
Dungeon (10/15)            Temple (1/1) D:4            Lair (0/6) D:8
Ossuary (visited)
    Orc: D:9-12

Altars:
Ashenzari
Dithmenos
Elyvilon
Fedhas
Gozag
Kikubaaqudgha
Makhleb
Nemelex Xobeh
Qazlal
Sif Muna
Trog
Vehumet
Wu Jian
Xom
Yredelemnul
Zin

Annotations:
D:8 Gastronok, Maurice
D:9 Grum
D:10 Sonja


Innate Abilities, Weirdness & Mutations

You are too large for most types of armour.
You have claws for hands.
Your natural rate of healing is unusually fast.
You are covered in fur. (AC +1)
You have extremely tough skin. (AC +3)
You are partially covered in yellow scales. (AC +2)


Message History

You feel sick. The kobold barely misses you. The yak gores you!
* * * LOW HITPOINT WARNING * * *
You mangle the yak!!
You kill the yak!
Vehumet accepts your kill.
* * * LOW HITPOINT WARNING * * *
You feel very sick. Sonja hits you but does no damage.
You blink.
The kobold throws a curare-tipped dart.
The curare-tipped dart hits you.
You are more poisoned.
You have difficulty breathing.
* * * LOW HITPOINT WARNING * * *
You feel as though you will be slow longer.
Unknown command.
Unknown command.
You are too berserk!
You are no longer berserk.
You pass out from exhaustion.
You feel as though you will be slow longer.
You die...

. ..) ....#
...KKJ####
#B((.#
...KY###(# ...
. #Y#########
.
...#...##...@#
#...#..K.####
###..†§†.)..#
##.K#####.#
#.## #.# #...
###.#
#.#.##...#
.........#
..###...##


You could see a kobold.

Vanquished Creatures
  2 death yaks
  3 smoke demons (Abyss:1)
  A gargoyle (D:10)
  Joseph (D:7)
  2 hellwings (Abyss:1)
  Grinder (D:5)
  Sigmund (D:3)
  2 yaks (D:10)
  2 large abominations (Abyss:1)
  2 water moccasins
  2 orc warriors
  A sky beast (D:5)
  A phantom (D:5)
  2 ice beasts
  2 ogres
  3 centaurs
  A small abomination (Abyss:1)
  A big kobold (D:10)
  2 water moccasin zombies (Ossuary)
  A scorpion (D:5)
  A water moccasin skeleton (D:2)
  6 killer bees
  3 wights (D:9)
  3 howler monkeys
  A bullfrog zombie (D:9)
  A quasit (Abyss:1)
  5 hounds
  5 orc priests
  A jelly (D:6)
  3 bullfrog skeletons
  A gnoll shaman (D:9)
  7 orc wizards
  11 worker ants
  2 big kobold zombies (Ossuary)
  2 hound zombies
  2 mummies (Ossuary)
  15 adders
  12 gnolls
  2 howler monkey skeletons
  4 ufetubi
  5 adder zombies
  An adder skeleton (D:6)
  2 worms
  A dart slug (D:1)
  7 leopard geckos
  29 orcs
  A ball python (D:7)
  8 giant cockroaches
  2 gnoll zombies (Ossuary)
  7 goblins
  10 hobgoblins
  5 jackals
  6 quokkas
  9 bats
  5 frilled lizards
  5 hobgoblin zombies (Ossuary)
  A jackal zombie (D:5)
  11 kobolds
  6 kobold zombies (Ossuary)
  2 leopard gecko skeletons (D:4)
  4 orc zombies (Ossuary)
  A quokka skeleton (D:4)
  9 rats
257 creatures vanquished.

Vanquished Creatures (collateral kills)
  2 killer bees (D:9)
  A gnoll zombie (Ossuary)
3 creatures vanquished.

Vanquished Creatures (others)
  A wight (D:10)
  A jelly (D:10)
  A kobold (D:10)
  4 plants (D:3)
7 creatures vanquished.

Grand Total: 267 creatures vanquished

Notes
Turn   | Place    | Note
-------+----------+-------------------------------------------
     0 | D:1      | runemasterragnar the Troll Hedge Wizard began the quest for
                  | the Orb.
     0 | D:1      | Reached XP level 1. HP: 16/16 MP: 2/2
    97 | D:1      | Reached skill level 1 in Summonings
   107 | D:1      | Reached XP level 2. HP: 24/24 MP: 4/4
   210 | D:3      | Reached skill level 1 in Unarmed Combat
   337 | D:4      | Reached XP level 3. HP: 31/32 MP: 3/5
   417 | D:4      | Noticed an ogre
   420 | D:4      | Killed an ogre
   421 | D:4      | Reached skill level 1 in Fighting
   421 | D:4      | Reached skill level 2 in Unarmed Combat
   421 | D:4      | Reached XP level 4. HP: 41/41 MP: 6/6
   493 | D:4      | Found a sand-covered staircase.
   503 | D:4      | Reached XP level 5. HP: 48/48 MP: 7/7
   510 | Ossuary  | Entered an ossuary
   525 | Ossuary  | Learned a level 2 spell: Call Imp
   652 | Ossuary  | Reached skill level 3 in Unarmed Combat
   663 | Ossuary  | Reached XP level 6. HP: 49/55 MP: 4/8
  1141 | D:5      | Entered Level 5 of the Dungeon
  1279 | D:5      | Noticed Grinder
  1287 | D:5      | Paralysed by Grinder for 7 turns
  1300 | D:5      | Killed Grinder
  1301 | D:5      | Reached skill level 4 in Unarmed Combat
  1301 | D:5      | Reached XP level 7. HP: 46/65 MP: 8/10
  2092 | D:5      | Reached skill level 5 in Unarmed Combat
  2341 | D:6      | Found a stormy altar of Qazlal.
  2347 | D:6      | Reached XP level 8. HP: 74/74 MP: 11/11
  2407 | D:4      | Found a staircase to the Ecumenical Temple.
  2415 | Temple   | Entered the Ecumenical Temple
  2429 | Temple   | Became a worshipper of Vehumet
  2677 | D:3      | Noticed Sigmund
  2686 | D:3      | Killed Sigmund
  3255 | D:1      | Reached * piety under Vehumet
  3255 | D:1      | Offered knowledge of Freeze by Vehumet.
  3260 | D:1      | Learned a level 3 spell: Conjure Flame
  4906 | D:6      | Reached skill level 6 in Unarmed Combat
  4994 | D:6      | Reached skill level 5 in Summonings
  5150 | D:6      | Reached ** piety under Vehumet
  5155 | D:6      | Offered knowledge of Shock by Vehumet.
  5211 | D:6      | Learned a level 3 spell: Mephitic Cloud
  5214 | D:6      | Learned a level 2 spell: Blink
  5523 | D:7      | Reached skill level 1 in Translocations
  5523 | D:7      | Reached XP level 9. HP: 84/84 MP: 13/13
  5729 | D:7      | Gained mutation: Your body sometimes deteriorates upon
                  | taking damage. [potion of mutation]
  5729 | D:7      | Gained mutation: Your mind is acute. (Int +2) [potion of
                  | mutation]
  5730 | D:7      | Lost mutation: Your mind is acute. (Int +2) [potion of
                  | mutation]
  5730 | D:7      | Lost mutation: Your body sometimes deteriorates upon taking
                  | damage. [potion of mutation]
  5730 | D:7      | Gained mutation: Armour fits poorly on your strangely
                  | shaped body. [potion of mutation]
  5730 | D:7      | Gained mutation: You have sharp toenails. [potion of
                  | mutation]
  5730 | D:7      | Gained mutation: You are somewhat resistant to further
                  | mutation. [potion of mutation]
  5731 | D:7      | Lost mutation: You have sharp toenails. [potion of
                  | mutation]
  5731 | D:7      | Lost mutation: Armour fits poorly on your strangely shaped
                  | body. [potion of mutation]
  5732 | D:7      | Lost mutation: You are somewhat resistant to further
                  | mutation. [potion of mutation]
  5732 | D:7      | Gained mutation: You have a pair of small antennae on your
                  | head. [potion of mutation]
  5732 | D:7      | Lost mutation: You have a pair of small antennae on your
                  | head. [potion of mutation]
  5732 | D:7      | Gained mutation: You are partially covered in yellow
                  | scales. (AC +2) [potion of mutation]
  5737 | D:7      | Found a bloodstained altar of Trog.
  5741 | D:7      | Noticed Joseph
  5762 | D:7      | Killed Joseph
  5763 | D:7      | Reached skill level 7 in Unarmed Combat
  6312 | D:8      | Noticed Gastronok
  6312 | D:8      | Noticed a death yak
  6312 | D:8      | Noticed a death yak
  6368 | D:8      | Noticed Maurice
  6596 | D:8      | Found a staircase to the Lair.
  6596 | D:8      | Noticed a death yak
  6596 | D:8      | Noticed a death yak
  6596 | D:8      | Noticed a death yak
  6634 | D:7      | Killed a death yak
  6635 | D:7      | Reached skill level 8 in Unarmed Combat
  6803 | D:9      | Learned a level 2 spell: Slow
  6917 | D:9      | Offered knowledge of Stone Arrow by Vehumet.
  6941 | D:9      | Reached XP level 10. HP: 89/94 MP: 9/15
  7069 | D:9      | Reached *** piety under Vehumet
  7114 | D:9      | Offered knowledge of Hailstorm by Vehumet.
  7120 | D:9      | Learned a level 4 spell: Hailstorm
  7204 | D:9      | Reached skill level 1 in Conjurations
  7204 | D:9      | Cast into level 1 of the Abyss (gnoll)
  7304 | Abyss:1  | Noticed a smoke demon
  7304 | Abyss:1  | Noticed a smoke demon
  7313 | Abyss:1  | Killed a smoke demon
  7314 | Abyss:1  | Reached skill level 1 in Ice Magic
  7317 | Abyss:1  | Killed a smoke demon
  7319 | Abyss:1  | Noticed a smoke demon
  7321 | Abyss:1  | Reached skill level 5 in Fighting
  7326 | Abyss:1  | Killed a smoke demon
  7383 | Abyss:1  | Noticed a large abomination
  7393 | Abyss:1  | Killed a large abomination
  7393 | Abyss:1  | Reached **** piety under Vehumet
  7427 | D:9      | Escaped the Abyss
  7627 | D:9      | Killed a death yak
  7859 | D:9      | Noticed Grum
  7874 | D:10     | Entered Level 10 of the Dungeon
  7877 | D:10     | Reached skill level 9 in Unarmed Combat
  7907 | D:10     | Noticed Sonja
  7910 | D:10     | Offered knowledge of Sticky Flame by Vehumet.
  7920 | D:10     | Noticed a gargoyle
  7931 | D:10     | Killed a gargoyle
  7932 | D:10     | Reached XP level 11. HP: 73/104 MP: 17/17
  7944 | D:10     | HP: 3/156 [asphyx]
  7945 | D:10     | Succumbed to kobold's curare-tipped dart

Illustrated notes

Levels and vault maps discovered:
D:1:      grunt_arrival_lava_bath, layout_loops_ring
D:2:      layout_loops_cross
D:3:      layout_basic, chequers_big_river, hangedman_abyss_or_decor_stabs,
          uniq_sigmund
D:4:      minmay_angry_zag, layout_loops_cross,
          minmay_temple_entry_from_below_b, enter_ossuary_1,
          hangedman_feature_mirror
D:5:      layout_basic, minivault_1, uniq_grinder
D:6:      layout_loops_ring, basic_altar, minmay_starry_boxes
D:7:      layout_basic, trog_three_pillars_becter, uniq_joseph
D:8:      layout_rooms, nzn_hepliaklqana_mist_gate, dpeg_lair_monsters,
          uniq_maurice, uniq_gastronok
D:9:      wander_river, layout_basic, hiddenorc1_lemuel, basic_altar, uniq_grum
D:10:     cheibrodos_orc_bank, layout_rooms, serial_undead, serial_undead_c,
          serial_undead_b, serial_undead_b, serial_undead_d, serial_undead_a,
          uniq_sonja, uniq_nergalle
Temple:   grunt_wide_crystal_templ

Skill      XL: |  1  2  3  4  5  6  7  8  9 10 11 |
---------------+----------------------------------+-----
Summonings     | 1 2 3 4 5 |  5.1
Unarmed Combat | 1 2 3 4 5 6 8 9 |  9.0
Fighting       | 1 2 3 4 5 |  5.4
Spellcasting   | 3 4 |  4.7
Translocations | 1 3 4 |  4.0
Conjurations   | 3 |  3.3
Dodging        | 2 3 |  3.0
Ice Magic      | 3 |  3.1
Stealth        | |  1.0

Action                   |  1- 3 |  4- 6 |  7- 9 | 10-12 || total
-------------------------+-------+-------+-------+-------++-------
Melee: Unarmed           |    51 |   140 |   424 |   175 ||   790
       Punch             |       |       |    13 |     5 ||    18
Throw: Large rock        |     2 |       |    11 |     6 ||    19
 Cast: Magic Dart        |     1 |       |       |       ||     1
       Call Imp          |       |     6 |    15 |     3 ||    24
       Blink             |       |       |     7 |       ||     7
       Mephitic Cloud    |       |       |       |     2 ||     2
Evoke: Wand              |       |     1 |     5 |    11 ||    17
  Use: Scroll            |     1 |       |    19 |     1 ||    21
       Potion            |       |       |     8 |     6 ||    14
 Stab: Paralysed         |       |     4 |       |     2 ||     6
       Sleeping          |       |     3 |     5 |       ||     8
       Distracted        |       |       |     1 |       ||     1
Armor: Robe              |    16 |    45 |   181 |    69 ||   311
       Skin              |       |       |    36 |    33 ||    69
Dodge: Dodged            |    33 |    47 |   183 |    77 ||   340
